 Dungeon Crawl Stone Soup version 0.30.1-11-g7821555f0a (webtiles) character file.

Game seed: 6621023695448248316

2319 Jerry the Grappler (level 9, -1/81 (89) HPs)
             Began as a Troll Monk on Dec 12, 2023.
             Slain by a wight
             ... wielding a +6 flail of freezing
              (2 damage)
             ... on level 6 of the Dungeon.
             The game lasted 00:11:48 (4290 turns).

Jerry the Grappler (Troll Monk)                     Turns: 4290, Time: 00:11:48

HP:   -1/81 (89)    AC:  4    Str: 23    XL:     9   Next: 18%
MP:   8/8           EV: 12    Int:  6    God:
Gold: 309           SH:  0    Dex: 14    Spells: 8/8 levels left

rFire   . .          .
                       - Unarmed
rCold   . . .        c - orb {light}
rNeg    . . .        a - +0 robe
rPois   +            (helmet restricted)
rElec   .            (no cloak)
rCorr   .            (gloves unavailable)
SInv    +            (boots unavailable)
Will    .....        (no amulet)
Stlth   +            f - ring of poison resistance
HPRegen 1.13/turn    o - ring of see invisible
MPRegen 0.11/turn

%: no passive effects
@: glowing, drained
A: large, unfitting armour, claws 3, regeneration 1, shaggy fur 1, tough skin 1
a: no special abilities


You were on level 6 of the Dungeon.
You visited 2 branches of the dungeon, and saw 7 of its levels.

You collected 309 gold pieces.

Inventory:

Missiles
 x - 3 large rocks (quivered)
Armour
 a - a +0 robe (worn)
 c - an orb of light (worn)
Jewellery
 f - a ring of poison resistance (left claw)
 o - a ring of see invisible (right claw)
 s - a ring of flight
Wands
 r - a wand of digging (6)
 w - a wand of roots (4)
 y - a wand of flame (57)
Scrolls
 d - 2 scrolls of teleportation {unknown}
 h - 5 scrolls of identify {unknown}
 i - a scroll of brand weapon {unknown}
 j - 4 scrolls of torment {unknown}
 k - 2 scrolls of blinking {unknown}
 q - a scroll of poison {unknown}
 t - 4 scrolls of enchant weapon {unknown}
 u - a scroll of enchant armour {unknown}
 v - a scroll of fear {unknown}
 z - 2 scrolls of amnesia {unknown}
Potions
 b - 3 potions of ambrosia
 e - a potion of might
 g - 5 potions of mutation {unknown}
 l - 3 potions of magic {unknown}
 m - 6 potions of haste {unknown}
 n - 3 potions of berserk rage {unknown}
 p - 3 potions of curing {unknown}


   Skills:
 + Level 5.6 Fighting
 + Level 5.6 Dodging
 * Level 9.3 Unarmed Combat


You had 8 spell levels left.
You didn't know any spells.
Your spell library contained the following spells:

 Spells                   Type           Power      Damage    Failure   Level
 Shock                    Conj/Air       0%         1d3       45%         1
 Summon Small Mammal      Summ           0%         N/A       45%         1
 Blink                    Tloc           0%         N/A       58%         2
 Call Canine Familiar     Summ           0%         N/A       83%         3
 Portal Projectile        Hex/Tloc       0%         N/A       83%         3
 Summon Guardian Golem    Hex/Summ       0%         N/A       83%         3
 Swiftness                Air            0%         N/A       83%         3
 Tukima's Dance           Hex            0%         N/A       83%         3
 Airstrike                Air            0%         2d(0-16)  99%         4
 Manifold Assault         Tloc           0%         N/A       99%         4
 Blade Hands              Tmut           0%         N/A       100%        5
 Storm Form               Tmut/Air       0%         N/A       100%        7


Dungeon Overview and Level Annotations

Branches:
Dungeon (6/15)             Temple (1/1) D:5

Altars:
Cheibriados
Dithmenos
Elyvilon
Fedhas
Hepliaklqana
Kikubaaqudgha
Makhleb
Nemelex Xobeh
Okawaru
Qazlal
Sif Muna
Vehumet
Wu Jian
Zin

Shops:
D:3 :   D:5 (   D:6 =


Innate Abilities, Weirdness & Mutations

You are too large for most types of armour.
You have claws for hands.
Your natural rate of healing is unusually fast.
You are covered in fur. (AC +1)
You have tough skin. (AC +1)


Message History

The wight hits you with a +6 flail of freezing.
The wight freezes you.
You barely miss the wight.
The wight is heavily damaged.
The wight hits you with a +6 flail of freezing.
You feel drained. The wight freezes you.
You barely miss the wight.
The wight is heavily damaged.
The wight hits you with a +6 flail of freezing!
The wight freezes you.
You are too injured to fight recklessly!
You are too injured to fight recklessly!
You are too injured to fight recklessly!
You scratch the wight.
The wight is almost destroyed.
The wight hits you with a +6 flail of freezing!
You feel drained. The wight freezes you.
You scratch the wight but do no damage.
The wight is almost destroyed.
You barely miss the wight.
The wight is almost destroyed.
The wight hits you with a +6 flail of freezing!
You feel drained. The wight freezes you.
You scratch the wight but do no damage.
The wight is almost destroyed.
The wight closely misses you.
You scratch the wight.
The wight is almost destroyed.
The wight hits you with a +6 flail of freezing!
* * * LOW HITPOINT WARNING * * *
The wight freezes you!
* * * LOW HITPOINT WARNING * * *
You scratch the wight but do no damage.
The wight is almost destroyed.
The wight hits you with a +6 flail of freezing!
* * * LOW HITPOINT WARNING * * *
You feel drained.
* * * LOW HITPOINT WARNING * * *
The wight freezes you.
You die...

#.# #.. #..... # #.#.
#.# ##.##. #.#...##.#
#.##. #........# #.#..
#.....#..# #.#.#
#.......##### #.#.#
#.##....))†.######....
#.####.####†.........#
#...z@.# #..#########
######## #### ### #..
#.# #.# #.# #.# #.#
#.#


You could see a wight.

Vanquished Creatures
  Grinder (D:5)
  Sigmund (D:6)
  Edmund (D:6)
  3 water moccasins
  An ice beast (D:6)
  2 sky beasts (D:6)
  2 ogres (D:5)
  2 phantoms
  A scorpion (D:4)
  4 wights (D:6)
  A howler monkey (D:4)
  2 vampire bats (D:4)
  6 hounds
  Terence (D:3)
  3 iguanas
  2 orc wizards (D:3)
  8 gnolls
  7 adders
  A worm (D:2)
  3 dart slugs
  14 orcs
  12 endoplasms
  3 giant cockroaches (D:2)
  8 goblins
  4 hobgoblins
  8 jackals (D:1)
  4 quokkas
  9 ball pythons
  5 bats
  A frilled lizard (D:3)
  8 kobolds
  4 rats
132 creatures vanquished.

Notes
Turn   | Place    | Note
-------+----------+-------------------------------------------
     0 | D:1      | Jerry the Troll Monk began the quest for the Orb.
     0 | D:1      | Reached XP level 1. HP: 22/22 MP: 0/0
    96 | D:1      | Reached XP level 2. HP: 29/29 MP: 1/1
   503 | D:2      | Reached XP level 3. HP: 36/36 MP: 2/2
   556 | D:2      | Identified the +3 sling "Ofrihy" {drain, rF- Will++}
   957 | D:3      | Reached skill level 4 in Unarmed Combat
   960 | D:3      | Found a faded altar of an unknown god.
   979 | D:3      | Reached XP level 4. HP: 44/44 MP: 3/3
  1014 | D:3      | Noticed Terence
  1026 | D:3      | Killed Terence
  1468 | D:3      | Reached XP level 5. HP: 45/53 MP: 4/4
  1706 | D:3      | Found Ukkur's Book Shoppe.
  1775 | D:3      | Noticed a water moccasin
  1781 | D:3      | Killed a water moccasin
  1782 | D:3      | Reached skill level 5 in Unarmed Combat
  1782 | D:3      | Reached XP level 6. HP: 46/61 MP: 5/5
  2107 | D:4      | Reached skill level 6 in Unarmed Combat
  2341 | D:4      | Reached XP level 7. HP: 68/68 MP: 6/6
  2385 | D:5      | Entered Level 5 of the Dungeon
  2401 | D:5      | Found an iron altar of Okawaru.
  2494 | D:5      | Found a staircase to the Ecumenical Temple.
  2509 | Temple   | Entered the Ecumenical Temple
  2889 | D:4      | Found a white marble altar of Elyvilon.
  2889 | D:4      | Found a burning altar of Makhleb.
  3181 | D:5      | Reached skill level 7 in Unarmed Combat
  3281 | D:5      | Noticed Grinder
  3288 | D:5      | Killed Grinder
  3289 | D:5      | Reached XP level 8. HP: 72/79 MP: 7/7
  3338 | D:5      | Found Fihi's Antique Weapon Shoppe.
  3606 | D:6      | Found Pat Vaf's Jewellery Shop.
  3749 | D:6      | Reached skill level 5 in Fighting
  3749 | D:6      | Reached skill level 8 in Unarmed Combat
  3765 | D:6      | Reached skill level 5 in Dodging
  4065 | D:6      | Noticed Edmund
  4076 | D:6      | Killed Edmund
  4120 | D:6      | Noticed Sigmund
  4128 | D:6      | Killed Sigmund
  4129 | D:6      | Reached XP level 9. HP: 74/88 MP: 8/8
  4224 | D:6      | Reached skill level 9 in Unarmed Combat
  4290 | D:6      | HP: 4/84 [wight/+6 flail of freezing (9)]
  4290 | D:6      | HP: 1/81 [wight/+6 flail of freezing (3)]
  4290 | D:6      | Slain by a wight

Illustrated notes

Levels and vault maps discovered:
D:1:      nzn_arrival_crosshair, layout_rooms
D:2:      minmay_diamond_boxcup, layout_rooms
D:3:      layout_loops_corners, nicolae_ecumenical_snake_handling,
          serial_aquarium, aquarium_bridge_island_small
          [aquarium_subvault_small_water, aquarium_subvault_window,
          aquarium_subvault_bridge, aquarium_subvault_window,
          aquarium_subvault_window], aquarium_window_corner,
          aquarium_window_corridor_1, aquarium_view_2b, aquarium_balcony_3b,
          serial_shops, nicolae_book_shop_shelving, columned_hall_lemuel,
          uniq_terence
D:4:      layout_loops_ring, grunt_temple_overflow_open,
          hangedman_abyss_or_decor_lesser_grid, roderic_batcave
D:5:      layout_loops_ring, okawaru_ov_weapons_minmay, temple_green,
          serial_shops, nicolae_shop_overgrown_old_shop, uniq_grinder
D:6:      layout_loops_cross, serial_shops, shop, st_stairs_11,
          sigmund_edmund_badplayer
Temple:   minmay_temple_curvy_loop

Skill      XL: |  1  2  3  4  5  6  7  8  9 |
---------------+----------------------------+-----
Unarmed Combat | 4 5 6 7 8 9 |  9.3
Fighting       | 3 4 5 |  5.6
Dodging        | 3 4 5 |  5.6

Action                     |  1- 3 |  4- 6 |  7- 9 || total
---------------------------+-------+-------+-------++-------
  Melee: Unarmed           |    82 |    82 |   127 ||   291
    Use: Potion            |       |     1 |       ||     1
 Armour: Robe              |    20 |    27 |    17 ||    64
  Dodge: Dodged            |    31 |    53 |    50 ||   134
